 Dungeon Crawl Stone Soup version 0.25.0-1-g7eea58d2a3 (webtiles) character file.

Game seed: 6718863690514088407

5331 dorian the Arsonist (level 10, -2/69 HPs)
             Began as a Red Draconian Fire Elementalist on June 14, 2020.
             Was an Initiate of Vehumet.
             Slain by an orc warrior
             ... wielding a +0 halberd
              (8 damage)
             ... on level 9 of the Dungeon.
             The game lasted 00:28:56 (10549 turns).

dorian the Arsonist (DrFE)                         Turns: 10549, Time: 00:28:57

Health: -2/69      AC: 11    Str: 10    XL:     10   Next: 38%
Magic:  20/21      EV: 12    Int: 19    God:    Vehumet [......]
Gold:   438        SH:  0    Dex: 16    Spells: 12/24 levels left

rFire    + . .     SeeInvis +   n - +9 falchion (pain)
rCold    . . .     Gourm    .   (no shield)
rNeg     . . .     Faith    .   (armour unavailable)
rPois    .         Spirit   .   (helmet restricted)
rElec    .         Reflect  .   p - +0 cloak
rCorr    .         Harm     .   C - +1 pair of gloves
MR       .....                  m - +0 pair of boots
Stlth    ++........             s - amulet of magic regeneration
HPRegen  0.21/turn              o - ring of Natopn {Wiz Dex+4}
MPRegen  0.42/turn              K - ring of see invisible

@: no status effects
A: breathe fire, unfitting armour, fire resistance 1, cold-blooded, AC +7
a: Breathe Fire, Renounce Religion


You were on level 9 of the Dungeon.
You worshipped Vehumet.
Vehumet was noncommittal.
You were not hungry.

You visited 2 branches of the dungeon, and saw 10 of its levels.
You also visited: Sewer.

You collected 528 gold pieces.
You spent 90 gold pieces at shops.

Inventory:

Hand Weapons
 n - a +9 falchion of pain (weapon)
 r - a +1 scimitar of flaming
 u - a +2 mace of holy wrath
Missiles
 A - 5 boomerangs of dispersal (quivered)
Armour
 m - a +0 pair of boots (worn)
 p - a +0 cloak (worn)
 w - the +1 buckler of the Accordion {Regen+ rCorr Int-5 Stlth+}
   (You found it on level 4 of the Dungeon)

   It affects your intelligence (-5).
   It increases your rate of regeneration.
   It provides partial protection from all sources of acid and corrosion.
   It makes you more stealthy.
 C - a +1 pair of gloves (worn)
Magical Staves
 L - an uncursed staff of poison
Jewellery
 c - an uncursed ring of protection from fire
 o - the ring of Natopn (left hand) {Wiz Dex+4}
   (You found it on level 8 of the Dungeon)

   [ring of wizardry]

   It improves your spell success rate.
   It affects your dexterity (+4).
 s - an amulet of magic regeneration (around neck)
 y - an uncursed ring of wizardry
 H - an uncursed ring of protection from cold
 K - a ring of see invisible (right hand)
Wands
 d - a wand of clouds (12)
 F - a wand of flame (20)
Scrolls
 e - 4 scrolls of teleportation
 f - a scroll of amnesia
 g - a scroll of silence {unknown}
 l - 3 scrolls of remove curse
 v - a scroll of fear
 G - a scroll of enchant weapon
 M - a scroll of identify
Potions
 a - a potion of brilliance {unknown}
 h - 3 potions of stabbing
 i - 7 potions of mutation
 j - 3 potions of curing
 k - 3 potions of invisibility
 q - 4 potions of berserk rage
 t - a potion of lignification {unknown}
 B - a potion of cancellation {unknown}
 I - 2 potions of ambrosia {unknown}
 J - a potion of flight {unknown}
Comestibles
 b - 12 rations


   Skills:
 - Level 1.7 Dodging
 - Level 1.7 Stealth
 + Level 7.7 Spellcasting
 + Level 8.0 Conjurations
 * Level 12.7 Fire Magic


You had 12 spell levels left.
You knew the following spells:

 Your Spells              Type           Power        Failure   Level  Hunger
a - Foxfire               Conj/Fire      ####         1%          1    None
b - Sticky Flame          Conj/Fire      #####...     1%          4    ###....
c - Fireball              Conj/Fire      #####.....   1%          5    #####..
d - Searing Ray           Conj           #####.       1%          2    None

Your spell library contained the following spells:

 Spells                   Type           Power        Failure   Level  Hunger
 Magic Dart               Conj           ####         1%          1    None
 Conjure Flame            Conj/Fire      #####...     1%          3    #......
 Inner Flame              Hex/Fire       ####....     1%          3    #......
 Dazzling Flash           Conj/Hex       ###...       2%          3    #......
 Fulminant Prism          Conj/Hex       ###.......   8%          4    ###....
 Iskenderun's Mystic Bla  Conj/Tloc      ###.....     8%          4    ###....


Dungeon Overview and Level Annotations

Branches:
Dungeon (9/15)             Temple (1/1) D:7           Sewer (visited)
   Lair: D:8-11         Orc: D:9-12

Altars:
Ashenzari
Cheibriados
Dithmenos
Elyvilon
Fedhas
Gozag
Hepliaklqana
Kikubaaqudgha
Makhleb
Nemelex Xobeh
Okawaru
Qazlal
Ru
Sif Muna
Trog
Uskayaw
Vehumet
Wu Jian
Xom
Yredelemnul
Zin
The Shining One

Shops:
D:6 (   D:8 (

Annotations:
D:8 2 transporters, Wanze's ghost, novice NaTm


Innate Abilities, Weirdness & Mutations

You can breathe blasts of fire.
Your fiery red scales are hard. (AC +7)
You cannot fit into any form of body armour.
Your flesh is heat resistant. (rF+)
You are cold-blooded and may be slowed by cold attacks.


Message History

The hippogriff burns!
The orc warrior hits you from afar with a +0 halberd.
The hippogriff misses you. The hippogriff closely misses you.
The hippogriff claws you.
You hit the hippogriff.
The hippogriff is almost dead.
The hippogriff burns! x2; The orc warrior barely misses you.
The hippogriff bites you.
The hippogriff pecks you but does no damage.
The hippogriff claws you.
An orc comes into view. It is wielding a +0 club.
You hit the hippogriff.
You kill the hippogriff!
Vehumet accepts your kill.
The orc warrior hits you from afar with a +0 halberd!
The orc warrior barely misses you.
The orc warrior hits you from afar with a +0 halberd!!
* * * LOW HITPOINT WARNING * * *
The orc warrior hits you from afar with a +0 halberd!
You die...

#o####### #..o.)†.#
#....######.## .....
#.(...# ##.. #.##.o#
#. #.#..#..# #
#z#.##oo#
#.#.##..######
#.#.##..@....#
#.#.##.#####.#
#z#.##.#.....#
#.#....#.....#
#.########...##
#...))(..).(..#
########(#(#########
#....<.......
#...#.#######


You could see an orc warrior and 2 orcs.

Vanquished Creatures
  Erica (D:8)
  Maggie (D:7)
  2 hippogriffs
  2 steam dragons (D:6)
  Menkaure (D:7)
  Edmund (D:6)
  An orc warrior (D:7)
  Duvessa (D:6)
  An ice beast (D:7)
  2 phantoms
  5 centaurs
  3 ogres
  A big kobold (D:9)
  4 bullfrogs
  A gnoll sergeant (D:5)
  Dowan (D:6)
  A scorpion (D:4)
  A howler monkey (D:5)
  2 wights (D:9)
  A crimson imp (D:8)
  A bullfrog zombie (D:6)
  2 bullfrog skeletons
  2 hounds
  2 centaur skeletons
  3 jellies
  6 orc priests
  10 orc wizards
  Crazy Yiuf (D:2)
  2 iguanas
  A worker ant (D:7)
  Natasha (thrice) (D:2)
  2 worker ant zombies (D:5)
  Robin (D:2)
  11 gnolls
  10 adders
  4 shadow imps
  11 oozes
  2 adder zombies
  3 worms
  A dart slug (D:1)
  18 leopard geckos
  35 orcs
  15 ball pythons
  10 giant cockroaches
  26 goblins
  5 hobgoblins (D:1)
  18 jackals
  4 quokkas
  6 bats
  21 frilled lizards
  12 kobolds
  A quokka skeleton (D:8)
  10 rats
292 creatures vanquished.

Vanquished Creatures (collateral kills)
  A gnoll (D:7)
  3 ball pythons
  2 frilled lizards (Sewer)
6 creatures vanquished.

Vanquished Creatures (others)
  Maurice (D:8)
  737 foxfires
738 creatures vanquished.

Grand Total: 1036 creatures vanquished

Notes
Turn   | Place    | Note
-------+----------+-------------------------------------------
     0 | D:1      | dorian the Draconian Fire Elementalist began the quest for
                  | the Orb.
     0 | D:1      | Reached XP level 1. HP: 14/14 MP: 3/3
   416 | D:1      | Reached XP level 2. HP: 20/20 MP: 0/5
  1064 | D:1      | Reached XP level 3. HP: 26/26 MP: 3/6
  1460 | D:2      | Found a shimmering altar of Xom.
  1773 | D:2      | Noticed Natasha
  1778 | D:2      | Killed Natasha
  1787 | D:2      | Noticed Natasha
  1826 | D:2      | Killed Natasha
  1826 | D:2      | Reached XP level 4. HP: 33/33 MP: 0/8
  2021 | D:2      | Noticed Robin
  2102 | D:2      | Killed Robin
  2106 | D:2      | Reached skill level 4 in Fire Magic
  2457 | D:2      | Found a runed translucent door.
  2458 | D:2      | Noticed Crazy Yiuf
  2966 | D:2      | Noticed Natasha
  2975 | D:2      | Killed Natasha
  2975 | D:2      | Reached XP level 5. HP: 38/38 MP: 1/9
  3117 | D:2      | Killed Crazy Yiuf
  3767 | D:3      | Reached XP level 6. HP: 45/45 MP: 8/11
  4344 | D:3      | Reached skill level 5 in Fire Magic
  4363 | D:4      | Your scales start taking on a fiery red colour.
  4363 | D:4      | Reached skill level 6 in Fire Magic
  4363 | D:4      | Reached XP level 7. HP: 36/50 MP: 5/13
  4363 | D:4      | Gained mutation: Your flesh is heat resistant. (rF+) [Red
                  | Draconian growth]
  4417 | D:4      | Got a warped buckler
  4423 | D:4      | Identified the +1 buckler of the Accordion {Regen+ rCorr
                  | Int-5 Stlth+} (You found it on level 4 of the Dungeon)
  4473 | D:4      | Found a glowing drain.
  4484 | Sewer    | Entered a sewer
  4617 | Sewer    | Learned a level 4 spell: Sticky Flame
  4735 | Sewer    | Reached skill level 7 in Fire Magic
  5129 | D:4      | Reached skill level 5 in Spellcasting
  5255 | D:4      | Reached skill level 5 in Conjurations
  5266 | D:4      | Reached XP level 8. HP: 57/57 MP: 8/15
  5708 | D:5      | Entered Level 5 of the Dungeon
  5842 | D:5      | Reached skill level 8 in Fire Magic
  6826 | D:6      | Noticed Duvessa
  6828 | D:6      | Noticed Dowan
  6857 | D:6      | Killed Duvessa
  6857 | D:6      | Reached skill level 9 in Fire Magic
  7070 | D:6      | Killed Dowan
  7412 | D:6      | Noticed Edmund
  7441 | D:6      | Killed Edmund
  7517 | D:6      | Reached skill level 10 in Fire Magic
  7517 | D:6      | Reached XP level 9. HP: 51/62 MP: 14/18
  7642 | D:6      | Found Ymucwai's Antique Weapon Shop.
  7668 | D:6      | Found a stormy altar of Qazlal.
  8000 | D:7      | Found a staircase to the Ecumenical Temple.
  8010 | Temple   | Entered the Ecumenical Temple
  8327 | D:7      | Noticed Menkaure
  8330 | D:7      | Killed Menkaure
  8419 | D:7      | Found a shattered altar of Ashenzari.
  8448 | D:7      | Reached skill level 11 in Fire Magic
  8824 | D:7      | Noticed Maggie
  8834 | D:7      | Killed Maggie
  8859 | D:7      | Found Zin's Purification Station.
  8914 | D:7      | Found a glowing silver altar of Zin.
  8917 | D:7      | Bought a potion of curing for 90 gold pieces
  9098 | D:8      | Learned a level 5 spell: Fireball
  9101 | D:8      | Learned a level 2 spell: Searing Ray
  9117 | D:8      | Found Raikk's Antique Weapon Boutique.
  9120 | D:8      | Noticed Maurice
  9126 | D:8      | Killed Maurice
  9281 | D:8      | Noticed Wanze's ghost (novice NaTm)
  9282 | D:8      | Found a transporter.
  9519 | D:8      | Noticed a two-headed ogre
  9524 | D:8      | Found a transporter.
  9710 | D:8      | Reached XP level 10. HP: 67/69 MP: 16/20
  9753 | D:8      | Got a wavering golden ring
  9755 | D:8      | Identified the ring of Natopn {Wiz Dex+4} (You found it on
                  | level 8 of the Dungeon)
  9847 | D:8      | Found a hazy altar of Hepliaklqana.
  9848 | D:8      | Noticed Erica
  9861 | D:8      | Killed Erica
  9861 | D:8      | Reached skill level 12 in Fire Magic
 10026 | D:8      | Found an ornate altar of the Wu Jian Council.
 10027 | D:8      | Found a radiant altar of Vehumet.
 10027 | D:8      | Found an opulent altar of Gozag.
 10029 | D:8      | Found an iron altar of Okawaru.
 10031 | D:8      | Became a worshipper of Vehumet
 10035 | D:8      | Found a blossoming altar of Fedhas.
 10385 | D:9      | Found a snail-covered altar of Cheibriados.
 10549 | D:9      | Slain by an orc warrior

Illustrated notes

Levels and vault maps discovered:
D:1:      erik_arrival_orb_chamber, layout_basic
D:2:      layout_basic, first_ration, xom_teletrap_fun, uniq_natasha,
          uniq_crazy_yiuf_cottage, uniq_robin
D:3:      layout_basic, dk_noncrumbling_3, kennysheep_path_1,
          chequers_serial_rivers_small_b
D:4:      layout_layer_cave, portal_sewer_entry_e, minmay_misc_feat_rugged
D:5:      kennysheep_six_static_rooms, layout_loops_ring
D:6:      cheibrodos_steamvent, layout_loops_cross, marbit_many_paths,
          serial_shops, shop, uniq_duvessa, uniq_edmund
D:7:      layout_cave_pools, lemuel_crystal_altar, zin_purify,
          minmay_temple_entry_statues_fountains, uniq_menkaure, uniq_maggie
D:8:      layout_basic, minitemple, gammafunk_ghost_arena, serial_shops,
          nicolae_shop_behind_doors, uniq_erica, uniq_maurice
D:9:      layout_basic, serial_shops, shop, cheibriados_altar_1
Temple:   nicolae_temple_figure_eight

Skill      XL: |  1  2  3  4  5  6  7  8  9 10 |
---------------+-------------------------------+-----
Conjurations   | 2 3 4 5 6 7 8 |  8.0
Spellcasting   | 3 4 5 6 7 |  7.7
Fire Magic     | 4 6 7 10 11 12 | 12.7
Dodging        | |  1.7
Stealth        | |  1.7

Action                   |  1- 3 |  4- 6 |  7- 9 | 10-12 || total
-------------------------+-------+-------+-------+-------++-------
Melee: Unarmed           |    13 |       |       |       ||    13
       Dagger            |    53 |    14 |       |       ||    67
       Tailslap          |     2 |     2 |     8 |     3 ||    15
       Falchion          |       |    40 |    89 |    17 ||   146
 Cast: Foxfire           |    47 |   102 |   336 |    60 ||   545
       Sticky Flame      |       |       |    10 |     6 ||    16
 Abil: Breathe Fire      |       |       |     4 |     2 ||     6
  Use: Scroll            |       |     2 |    16 |       ||    18
 Stab: Sleeping          |     1 |     4 |     1 |       ||     6
  Eat: Chunk             |     3 |     8 |    16 |     3 ||    30
       Ration            |       |       |     1 |       ||     1
Armor: Skin              |    35 |    36 |    45 |    10 ||   126
Dodge: Dodged            |    55 |    58 |    82 |    24 ||   219
       Rpst.: Falchion   |       |    16 |    20 |     5 ||    41
